 Dungeon Crawl Stone Soup version 0.31-a0-986-g5e6e4ef867 (webtiles) character file.

Game seed: 1921909729575721582

35 LeprechaunX the Changeling (level 3, -3/24 HPs)
             Began as an Octopode Shapeshifter on Nov 20, 2023.
             Slain by an orc
             ... wielding a +0 flail
              (6 damage)
             ... on level 2 of the Dungeon.
             The game lasted 00:00:54 (772 turns).

LeprechaunX the Changeling (Octopode Shapeshifter)   Turns: 772, Time: 00:00:55

Health: -3/24      AC:  1    Str: 13    XL:     3   Next: 33%
Magic:  3/3        EV: 13    Int: 12    God:
Gold:   35         SH:  0    Dex: 13    Spells: 2/2 levels left

rFire   . . .        g - +4 whip (drain)
rCold   . . .        (no shield)
rNeg    . . .        (helmet currently unavailable)
rPois   .            (no amulet)
rElec   .            (no ring)
rCorr   .            (no ring)
SInv    .            (no ring)
Will    .....        (no ring)
Stlth   ++           (no ring)
HPRegen 0.24/turn    (no ring)
MPRegen 0.08/turn    (no ring)
                     (no ring)

%: no passive effects
@: beast-form
A: beast (slay +2), almost no armour, amphibious, 8 rings, camouflage 1,
gelatinous body 1, (nimble swimmer 1), tentacles
a: Begin Untransformation


You were on level 2 of the Dungeon.
You were a hulking beast.
You visited 1 branch of the dungeon, and saw 2 of its levels.

You collected 35 gold pieces.

Inventory:

Hand Weapons
 g - a +4 whip of draining (weapon)
Missiles
 f - 6 javelins
Talismans
 b - a beast talisman
 c - a flux talisman
Scrolls
 d - a scroll of teleportation {unknown}
 e - a scroll of immolation {unknown}
 h - a scroll of amnesia {unknown}
 i - a scroll of enchant armour {unknown}
Potions
 a - a potion of lignification


   Skills:
 + Level 1.7 Fighting
 + Level 0.2 Throwing
 - Level 2.0 Dodging
 + Level 3.3 Unarmed Combat
 * Level 3.5 Shapeshifting


You had 2 spell levels left.
You didn't know any spells.
Your spell library was empty.

Dungeon Overview and Level Annotations

Branches:
Dungeon (2/15)

Altars:


Innate Abilities, Weirdness & Mutations

You are a hulking beast.
Your limbs bulge with bestial killing power. (Slay +2)
You cannot wear most types of armour.
You are amphibious.
You can wear up to eight rings at the same time.
Your skin changes colour to match your surroundings (Stealth+).
Your rubbery body absorbs attacks. (AC +1, EV +1)
((You are camouflaged when in or above water. (Stealth+)))
You have tentacles for arms and can constrict up to eight enemies at once.


Message History

A kobold is nearby!
A kobold is nearby!
A kobold is nearby!
A kobold is nearby!
A kobold is nearby!
Found 11 gold pieces.
Found a stone staircase leading up.
The helpless kobold fails to defend itself.
You whack the kobold!
You kill the kobold!
No target in view!
You now have 35 gold pieces (gained 11).
An orc priest and 2 orcs come into view.
The orc priest shouts!
The orc shouts!
The orc moves out of view.
The orc shouts!
There are monsters nearby!
There are monsters nearby!
There are monsters nearby!
Found 22 gold pieces.
You hit the orc. Your grab misses the orc.
You squeeze the orc, but do no damage.
The orc is moderately wounded.
The orc closely misses you.
You barely miss the orc. You grab the orc. You squeeze the orc.
You kill the orc!
The orc hits you with a +0 flail!
You closely miss the orc priest. Your grab misses the orc priest.
The orc priest barely misses you. The orc barely misses you.
You whack the orc priest! Your grab misses the orc priest.
The orc priest is heavily wounded.
The orc priest hits you with a +0 club. The orc hits you with a +0 flail.
The orc priest barely misses you. The orc hits you with a +0 flail.
* * * LOW HITPOINT WARNING * * *
You are too injured to fight recklessly!
You barely miss the orc priest. Your grab misses the orc priest.
The orc priest is heavily wounded.
The orc priest mumbles some strange prayers to Beogh against you.
You barely resist. The orc hits you with a +0 flail.
You die...

####.....#####.. #
#.....#####.# #$⌠$## #
#...........##.....##
####.....#####.#.......#
.........# #.#.#...#.#
######.### #.#.......# #
#.# #.#.......#
#.#######.#oo.....#
#.........#h#...#.#
######.######..#.......#
.......######...........
#####..#........##...###
#..#.####.#....###
#..#........####
#.......#...#
#.##>##)#...#
...<..##.#.....


You could see an orc priest and an orc.

Vanquished Creatures
  A worm (D:2)
  A dart slug (D:1)
  An orc (D:2)
  A ball python (D:1)
  2 bats (D:1)
  An endoplasm (D:2)
  3 giant cockroaches (D:1)
  2 goblins (D:1)
  2 hobgoblins (D:1)
  6 kobolds
  3 quokkas
  2 frilled lizards
  A rat (D:1)
26 creatures vanquished.

Notes
Turn   | Place    | Note
-------+----------+-------------------------------------------
     0 | D:1      | LeprechaunX the Octopode Shapeshifter began the quest for
                  | the Orb.
     0 | D:1      | Reached XP level 1. HP: 13/13 MP: 1/1
    96 | D:1      | Reached XP level 2. HP: 16/18 MP: 2/2
   547 | D:1      | Reached XP level 3. HP: 23/23 MP: 3/3
   772 | D:2      | Slain by an orc

Illustrated notes

Levels and vault maps discovered:
D:1:      mrwooster_arrival_statue_3, layout_loops_ring, hex_medium,
          hangedman_feature_mirror
D:2:      cheibrodos_pilgrimage, layout_loops_ring, serial_shops,
          nicolae_shop_getting_attention

Action                     || total
---------------------------++-------
  Melee: Unarmed           ||    41
         Constrict         ||    16
         Tentacles         ||    10
         Whip              ||    11
   Stab: Sleeping          ||    10
 Armour: Skin              ||    17
  Dodge: Dodged            ||    27

Table legend: (Time is in decaauts)
 A = Elapsed time spent in this place.
 B = Non-inter-level travel time spent in this place.
 C = Inter-level travel time spent in this place.
 D = Time resting spent in this place.
 E = Time spent auto-exploring this place.
 F = Levels seen in this place.
 G = Mean time per level.
                   A        B        C        D        E       F      G
               +--------+--------+--------+--------+--------+-----+--------+
         Total |    770 |    731 |     39 |      0 |    574 |   2 |  385.0 |
       Dungeon |    770 |    731 |     39 |      0 |    574 |   2 |  385.0 |
               +--------+--------+--------+--------+--------+-----+--------+

Top non-repeatable levels by time:
     D:1: 698 daAuts
     D:2: 71 daAuts
